 Dungeon Crawl Stone Soup version 0.32-a0-360-gcd93b57ba1 (webtiles) character file.

Game seed: 190126280774311704

424 Goblin1989 the Chopper (level 6, -4/70 HPs)
             Began as a Coglin Gladiator on Feb 18, 2024.
             Incinerated by a bombardier beetle (6 damage)
             ... with a burning spray
             ... on level 4 of the Dungeon.
             The game lasted 00:03:34 (2466 turns).

Goblin1989 the Chopper (Coglin Gladiator)           Turns: 2466, Time: 00:03:34

Health: -4/70      AC:  5    Str: 17    XL:     6   Next: 96%
Magic:  6/6        EV: 13    Int:  7    God:
Gold:   122        SH:  0    Dex: 15    Spells: 5/5 levels left

rFire   . . .        a - +0 war axe {Paloma}
rCold   . . .        n - +0 hand axe {Luis}
rNeg    . . .        b - +0 leather armour
rPois   .            c - +0 helmet
rElec   .            (no cloak)
rCorr   .            i - +0 pair of gloves
SInv    .            (no boots)
Will    .....        (no amulet) Stlth
                     (no ring)
HPRegen 0.31/turn    (no ring)
MPRegen 0.10/turn

%: no passive effects
@: berserking, on fire, glowing, revving, very quick
A: off-hand wielding, slow wielding, warmup strikes, warmup strides
a: no special abilities


You were on level 4 of the Dungeon.
You visited 1 branch of the dungeon, and saw 4 of its levels.

You collected 122 gold pieces.

Inventory:

Hand Weapons
 a - a +0 war axe (weapon) {Paloma}
 n - a +0 hand axe (worn) {Luis}
Missiles
 d - 3 throwing nets (quivered) {!d , @Q1}
 e - a javelin
Armour
 b - a +0 leather armour (worn)
 c - a +0 helmet (worn)
 g - a +0 chain mail
 i - a +0 pair of gloves (worn)
 s - the +3 ring mail of Fashionability {Str+3}
   (You found it on level 3 of the Dungeon)

   Str+3:     It affects your strength (+3).
Scrolls
 f - 4 scrolls of immolation {unknown}
 h - a scroll of enchant armour {unknown}
 l - 4 scrolls of identify {unknown}
 m - 5 scrolls of teleportation {unknown}
 o - a scroll of vulnerability {unknown}
 q - 2 scrolls of fear {unknown}
Potions
 j - 2 potions of berserk rage
 k - 2 potions of curing {unknown}
 p - a potion of mutation {unknown}
 r - a potion of haste {unknown}
 t - a potion of lignification {unknown}
 u - a potion of enlightenment {unknown}
 v - a potion of invisibility {unknown}
 w - a potion of heal wounds {unknown}
 x - 2 potions of experience {unknown}


   Skills:
 + Level 3.3 Fighting
 * Level 5.8 Axes
 - Level 1.7 Throwing
 + Level 2.2 Armour
 + Level 3.7 Dodging


You had 5 spell levels left.
You didn't know any spells.
Your spell library was empty.

Dungeon Overview and Level Annotations

Branches:
Dungeon (4/15) Zot: 21376
 Temple: D:4-7

Altars:


Innate Abilities, Weirdness & Mutations

You can wield a second weapon in your off-hand.
It takes a long time for you to wield or remove held weapons.
Your first few attacks do less damage.
Your first movements take longer.


Message History

No target in view!
No target in view!
No target in view!
No target in view!
No target in view!
No target in view!
No target in view!
No target in view!
No target in view!
No target in view!
No target in view!
No target in view!
No target in view!
No target in view!
No target in view!
No target in view!
You now have 122 gold pieces (gained 17).
You see here a staff of earth.
Health restored: 47 A bombardier beetle comes into view.
The bombardier beetle sprays incendiary fluid at you.
The burning spray hits you.
You are covered in liquid fire!
You are on fire!
You shake off some of the fire as you move.
The liquid fire burns you!
You see here 9 gold pieces.
You take 4 damage, and have 43/47 hp.
You shake off some of the fire as you move.
The liquid fire burns you!
The bombardier beetle bites you but does no damage.
You take 3 damage, and have 40/47 hp.
You hit the bombardier beetle with your +0 war axe.
The bombardier beetle is moderately wounded.
You barely miss the bombardier beetle with your +0 hand axe.
The liquid fire burns you!
The bombardier beetle bites you but does no damage.
You take 4 damage, and have 36/47 hp.
You hit the bombardier beetle with your +0 hand axe.
The bombardier beetle is heavily wounded.
You barely miss the bombardier beetle with your +0 war axe.
The liquid fire burns you!
You take 6 damage, and have 30/47 hp.
You hit the bombardier beetle but do no damage.
The bombardier beetle is heavily wounded.
You hit the bombardier beetle with your +0 hand axe.
The liquid fire burns you!
The bombardier beetle sprays incendiary fluid at you.
The burning spray hits you.
You are even more covered in liquid fire!
You are too injured to fight recklessly!
You take 4 damage, and have 26/47 hp.
You are too injured to fight recklessly!
You are too injured to fight recklessly!
You are too injured to fight recklessly!
You are too injured to fight recklessly!
You are too injured to fight recklessly!
You are too injured to fight recklessly!
You are too injured to fight recklessly!
You are too injured to fight recklessly!
You are too injured to fight recklessly!
You are too injured to fight recklessly!
You are too injured to fight recklessly!
You are too injured to fight recklessly!
You are too injured to fight recklessly!
You are too injured to fight recklessly!
You are too injured to fight recklessly!
You are too injured to fight recklessly!
You are too injured to fight recklessly!
You are too injured to fight recklessly!
You are too injured to fight recklessly!
You are too injured to fight recklessly!
You closely miss the bombardier beetle with your +0 hand axe.
The bombardier beetle is severely wounded.
You hit the bombardier beetle but do no damage.
The liquid fire burns you!
* * * LOW HITPOINT WARNING * * *
The bombardier beetle barely misses you.
You take 6 damage, and have 20/47 hp.
You hit the bombardier beetle with your +0 hand axe.
You kill the bombardier beetle!
The liquid fire burns you!
* * * LOW HITPOINT WARNING * * *
You take 7 damage, and have 13/47 hp.
You shake off some of the fire as you move.
The liquid fire burns you!
* * * LOW HITPOINT WARNING * * *
You see here a bombardier beetle corpse.
You take 9 damage, and have 4/47 hp.
It was a potion of berserk rage.
A red film seems to cover your vision as you go berserk!
You feel yourself moving faster!
You feel mighty! The liquid fire burns you!
* * * LOW HITPOINT WARNING * * *
You now have 2/70 hp.
You are too berserk!
You shake off some of the fire as you move.
You feel a strong urge to attack something.
The liquid fire burns you!
You die... ██▲██

████.█████.... █.█ █>█
███.█ █.█ █.█ █.█ ██.██
█.█ █.█ █
██...███████████.█ █.█
████████..............█.█
█.█
......|.....█.██...██.█.█
█..
█████████......$........█
██ █ █████.██@..██.█
█.███†██ █.█ ███ █.. ███


There were no monsters in sight!

Vanquished Creatures
  A scorpion (D:4)
  A bombardier beetle (D:4)
  A hound (D:4)
  A jelly (D:4)
  An orc priest (D:3)
  A sleepcap (D:4)
  An iguana (D:4)
  An orc wizard (D:3)
  3 adders
  A ribbon worm (D:3)
  12 orcs
  8 ball pythons
  3 bats
  6 endoplasms
  3 giant cockroaches
  8 goblins
  4 hobgoblins
  3 jackals (D:3)
  9 kobolds
  3 quokkas
  3 frilled lizards
  3 rats (D:1)
77 creatures vanquished.

Notes
Turn   | Place    | Note
-------+----------+-------------------------------------------
     0 | D:1      | Goblin1989 the Coglin Gladiator began the quest for the
                  | Orb.
     0 | D:1      | Reached XP level 1. HP: 16/16 MP: 1/1
   211 | D:1      | Reached XP level 2. HP: 16/22 MP: 2/2
   436 | D:1      | Found a faded altar of an unknown god.
   461 | D:1      | Reached skill level 4 in Axes
   516 | D:1      | Reached XP level 3. HP: 27/27 MP: 3/3
  1111 | D:2      | Reached XP level 4. HP: 33/33 MP: 4/4
  1398 | D:3      | Reached skill level 1 in Armour
  1398 | D:3      | Reached XP level 5. HP: 32/39 MP: 5/5
  1521 | D:3      | Identified the +3 ring mail of Fashionability {Str+3}
  1631 | D:3      | Reached skill level 5 in Axes
  2294 | D:4      | Reached XP level 6. HP: 46/46 MP: 6/6
  2465 | D:4      | HP: 2/70 [burnt (4)]
  2466 | D:4      | Incinerated by a bombardier beetle

Illustrated notes

Levels and vault maps discovered:
D:1:      sevenhm_arrival_forest_fort_small_4, layout_loops_cross,
          ebering_ecumenical_altar_hall
D:2:      layout_rooms, nicolae_twisty_statue_hallways
D:3:      layout_loops_ring, minmay_tree_intersection
D:4:      corexii_shantytown, layout_loops_corners, uniq_ijyb

Skill      XL: |  1  2  3  4  5  6 |
---------------+-------------------+-----
Axes           | 4 5 |  5.8
Armour         | 1 2 |  2.2
Dodging        | 3 |  3.7
Fighting       | 3 |  3.3
Throwing       | |  1.7

Action                     |  1- 3 |  4- 6 || total
---------------------------+-------+-------++-------
  Melee: War axe           |    69 |   102 ||   171
         Hand axe          |     6 |    96 ||   102
    Use: Potion            |       |     1 ||     1
   Stab: Sleeping          |       |     2 ||     2
 Armour: Leather armour    |    44 |    54 ||    98
  Dodge: Dodged            |    46 |    65 ||   111

Table legend: (Time is in decaauts)
 A = Elapsed time spent in this place.
 B = Non-inter-level travel time spent in this place.
 C = Inter-level travel time spent in this place.
 D = Time resting spent in this place.
 E = Time spent auto-exploring this place.
 F = Levels seen in this place.
 G = Mean time per level.
                   A        B        C        D        E       F      G
               +--------+--------+--------+--------+--------+-----+--------+
         Total |   2623 |   2584 |     39 |      0 |   2084 |   4 |  655.8 |
       Dungeon |   2623 |   2584 |     39 |      0 |   2084 |   4 |  655.8 |
               +--------+--------+--------+--------+--------+-----+--------+

Top non-repeatable levels by time:
     D:1: 870 daAuts
     D:3: 771 daAuts
     D:4: 535 daAuts
     D:2: 445 daAuts
